AoeStats
← ayushdy2004

Black Forest

510808490Analyzed
4v4 RM · 7h ago on Oct 2, 2026· 44m 16s· 8 players
Game mode
Random Map
Map size
Large (8 player)
Population
200
Speed
Normal
Resources
Standard
Victory
Conquest
Starting age
Dark Age
Ending age
Imperial Age
RankedLock teamsTeams togetherTeam positionsShared explorationLock speedFull tech treeHidden civsTurbo modeCheats
Victory
Defeat
🇨🇳 Japanese · China
1475
+11
🇹🇷 Burmese · Türkiye
1424
+13
🇺🇸 Varangians · United States
1399
+14
🇮🇳 Dravidians · India
1367
+16
🇦🇷 Persians · Argentina
1403
-15
🇦🇷 Lithuanians · Argentina
1399
-15
🇧🇷 Ethiopians · Brazil
1331
-12
🇦🇷 Burmese · Argentina
1320
-12
weaking
7:03 Loom
10:29 Feudal Age
15:25 Castle Age
13:43 Double-Bit Axe
13:43 Horse Collar
16:37 Bow Saw
18:25 Town Watch
21:50 Wheelbarrow
21:33 Devotion
22:24 Husbandry
22:52 Light Cavalry
31:01 Imperial Age
28:50 Heavy Plow
29:13 Bloodlines
29:10 Scale Barding Armor
30:21 Town Patrol
30:50 Hand Cart
31:18 Chain Barding Armor
31:28 Cavalier
32:48 Plate Barding Armor
33:32 Caravan
34:05 Forging
35:11 Conscription
36:25 Chemistry
35:12 Onager
37:23 Paladin
39:32 Iron Casting
Polaco
9:41 Feudal Age
11:17 Loom
15:53 Castle Age
14:03 Double-Bit Axe
14:00 Horse Collar
16:38 Bow Saw
20:54 Wheelbarrow
22:06 Heavy Plow
25:15 Gold Mining
26:37 Gold Shaft Mining
29:13 Imperial Age
27:59 Hand Cart
28:52 Scale Barding Armor
28:57 Forging
30:41 Chemistry
30:06 Chain Barding Armor
30:12 Bloodlines
30:02 Husbandry
30:11 Town Watch
31:02 Cavalier
33:50 Iron Casting
34:02 Citadels
34:13 Conscription
35:03 Plate Barding Armor
36:55 Blast Furnace
36:18 Ballistics
35:50 Fletching
35:58 Savar
42:16 Bodkin Arrow
42:21 Padded Archer Armor
41:48 Elite Skirmisher
42:41 Thumb Ring
43:18 Kamandaran
44:23 Crop Rotation
44:38 Leather Archer Armor
Dunha
0:31 Loom
11:42 Feudal Age
13:13 Double-Bit Axe
14:54 Fletching
19:21 Padded Archer Armor
22:14 Wheelbarrow
27:43 Castle Age
26:12 Gold Mining
26:03 Horse Collar
32:46 Imperial Age
30:06 Crossbowman
31:36 Thumb Ring
31:58 Town Watch
34:29 Chemistry
33:50 Ballistics
32:53 Arbalester
33:57 Bodkin Arrow
37:01 Bracer
38:22 Leather Archer Armor
40:46 Ring Archer Armor
40:34 Bow Saw
40:30 Heavy Plow
41:20 Halberdier
42:00 Squires
41:46 Arson
CTM | Severo24cm
2:36 Loom
11:25 Feudal Age
18:41 Castle Age
18:21 Horse Collar
22:18 Sanctity
23:18 Redemption
26:09 Stone Mining
26:09 Gold Mining
27:00 Fervor
26:52 Atonement
33:03 Gold Mining
34:46 Wheelbarrow
33:56 Town Watch
35:43 Treadmill Crane
37:18 Hand Cart
42:40 Imperial Age
41:31 Gold Shaft Mining
42:58 Fortified Wall
mrowdet
11:19 Feudal Age
14:51 Castle Age
12:48 Horse Collar
13:23 Double-Bit Axe
15:48 Bow Saw
16:09 Heavy Plow
21:14 Wheelbarrow
21:15 Loom
23:18 Stone Mining
23:28 Gold Mining
28:21 Imperial Age
26:13 Scale Barding Armor
26:51 Forging
27:29 Stone Shaft Mining
27:34 Ballistics
27:29 Devotion
28:05 Chain Barding Armor
28:04 Scale Mail Armor
28:43 Iron Casting
27:46 Light Cavalry
28:52 Fletching
30:59 Conscription
30:02 Elite Jarl
31:37 Bloodlines
31:28 Husbandry
32:32 Siege Engineers
33:16 Plate Barding Armor
35:34 Blast Furnace
34:50 Caravan
36:08 Masonry
35:39 Treadmill Crane
38:52 Architecture
39:35 Coinage
40:51 Chemistry
The_OFLi
0:52 Loom
11:23 Feudal Age
15:16 Castle Age
14:14 Gold Mining
17:05 Sanctity
22:23 Fervor
23:54 Redemption
25:09 Horse Collar
27:32 Wheelbarrow
27:50 Devotion
28:48 Heavy Plow
33:01 Gold Shaft Mining
36:17 Imperial Age
34:39 Masonry
34:43 Fortified Wall
34:57 Scale Barding Armor
36:17 Bloodlines
36:07 Husbandry
37:01 Chain Barding Armor
37:02 Howdah
37:24 Conscription
37:23 Elite Battle Elephant
41:56 Forging
43:08 Plate Barding Armor
44:40 Iron Casting
45:21 Crop Rotation
吞风吻雨
0:38 Loom
11:34 Feudal Age
12:24 Man-at-Arms
13:51 Forging
14:53 Arson
22:28 Castle Age
20:29 Double-Bit Axe
21:42 Gold Mining
21:34 Horse Collar
22:18 Bloodlines
23:29 Fletching
25:14 Bodkin Arrow
32:59 Wheelbarrow
33:14 Ballistics
33:09 Padded Archer Armor
34:21 Hand Cart
38:41 Imperial Age
37:59 Leather Archer Armor
38:29 Husbandry
39:13 Gold Shaft Mining
38:46 Heavy Cavalry Archer
39:52 Parthian Tactics
40:49 Chemistry
42:03 Bracer
42:20 Treadmill Crane
43:22 Ring Archer Armor
43:16 Arrowslits
43:22 Guard Tower
43:34 Yasama
44:03 Conscription
ayushdy2004
1:31 Loom
11:47 Feudal Age
15:43 Castle Age
22:53 Double-Bit Axe
24:14 Bow Saw
25:42 Horse Collar
29:22 Wheelbarrow
30:09 Stone Mining
30:10 Gold Mining
31:03 Hand Cart
34:43 Imperial Age
32:05 Fletching
32:16 Padded Archer Armor
33:05 Fortified Wall
33:17 Ballistics
33:18 Bodkin Arrow
33:35 Masonry
33:46 Leather Archer Armor
35:37 Thumb Ring
35:43 Bracer
35:05 Elite Elephant Archer
36:47 Chemistry
36:11 Town Watch
37:29 Ring Archer Armor
39:15 Bombard Tower
38:51 Murder Holes
Connection lost

Rejoining the realm…

Still unreachable

The connection could not be restored.

Session expired

The server has moved on; the page needs a fresh start.